 Dungeon Crawl Stone Soup version 0.21.1-1-g345015fe64 (webtiles) character file.

32 DildoBatman the Vexing (level 3, -1/29 HPs)
             Began as a Formicid Enchanter on Apr 20, 2018.
             Slain by an adder (4 damage)
             ... on level 1 of the Dungeon.
             The game lasted 00:02:22 (1211 turns).

DildoBatman the Vexing (Formicid Enchanter)         Turns: 1211, Time: 00:02:23

Health: -1/29      AC:  6    Str: 13    XL:     3   Next: 45%
Magic:  5/6        EV: 10    Int: 14    God:
Gold:   99         SH:  0    Dex: 11    Spells: 2/6 levels left

rFire    . . .     SeeInvis +   b - +0 mace
rCold    . . .     Gourm    .   (no shield)
rNeg     . . .     Faith    .   d - -1 ring mail (curse)
rPois    +         Spirit   .   (helmet unavailable)
rElec    .         Reflect  .   m - +1 cloak
rCorr    .         Harm     .   (no gloves)
MR       .....                  (no boots)
Stlth    +++.......             (no amulet)
HPRegen  0.09/turn              k - ring of poison resistance
MPRegen  0.10/turn              r - ring of stealth

@: no status effects
A: permanent stasis, dig shafts and tunnels, four strong arms, antennae 3
a: Dig, Shaft Self


You were on level 1 of the Dungeon.
You were hungry.

You visited 1 branch of the dungeon, and saw 2 of its levels.

You collected 99 gold pieces.

Inventory:

Hand Weapons
 a - a +1 dagger
 b - a +0 mace (weapon)
Missiles
 g - 20 poisoned needles
 j - 21 stones (quivered)
Armour
 d - a cursed -1 ring mail (worn)
 m - a +1 cloak (worn)
 p - a +0 scale mail
 q - a +0 ring mail
Jewellery
 k - a ring of poison resistance (left hand)
 r - a ring of stealth (right hand)
Scrolls
 i - a scroll of fog {unknown}
 l - a scroll of fear {unknown}
 n - a scroll of remove curse {unknown}
 o - 2 scrolls of random uselessness {unknown}
Potions
 e - a potion of heal wounds {unknown}
 h - a potion of degeneration {unknown}
Books
 c - a book of Maledictions

   Spells                             Type                      Level
   a - Corona                         Hexes                        1
   b - Ensorcelled Hibernation        Hexes/Ice                    2
   c - Confuse                        Hexes                        3
   d - Tukima's Dance                 Hexes                        3
   e - Dazzling Spray                 Conjuration/Hexes            3
Comestibles
 v - 2 rations


   Skills:
 - Level 3.0 Fighting
 - Level 1.0 Short Blades
 * Level 0.1 Armour
 * Level 1.8 Dodging
 * Level 3.6 Stealth
 - Level 2.1 Spellcasting
 - Level 3.6 Hexes


You had 2 spell levels left.
You knew the following spells:

 Your Spells              Type           Power        Failure   Level  Hunger
a - Corona                Hex            ##.....      12%         1    #......
b - Confuse               Hex            ##......     34%         3    ###....


Dungeon Overview and Level Annotations

Branches:
Dungeon (2/15)

Altars:


Innate Abilities, Weirdness & Mutations

You cannot be hasted, slowed, berserked, paralysed or teleported.
You can dig through walls and to a lower floor.
Your four strong arms can wield two-handed weapons with a shield.
You have a pair of large antennae on your head. (SInv)


Message History

You closely miss the adder. The adder bites you but does no damage.
You hit the adder but do no damage. The adder bites you.
You hit the adder.
The adder is moderately wounded.
The adder bites you. The adder barely misses you.
You closely miss the adder.
The adder is moderately wounded.
The adder bites you.
You hit the adder.
The adder is heavily wounded.
The adder bites you.
b - a +0 mace (weapon)
You hit the adder.
The adder is severely wounded.
The adder stops glowing.
The adder bites you. x2
You die...

#.......).####.########
#......................
#.........##.........[.
#...#######..#.........
##### #...........###
##..w.......####
##w#.........##..
##S##.............
#@######...>.....# ###
##.........
####.........
##............
#.............
##############......##
#...............#..##
#.....########....##
#.....# #...##


You could see a worm and an adder.

Vanquished Creatures
  A dart slug (D:1)
  3 bats (D:1)
  2 giant cockroaches
  9 hobgoblins (D:1)
  3 jackals (D:1)
  4 kobolds (D:1)
  A frilled lizard (D:1)
  5 rats (D:1)
28 creatures vanquished.

Notes
Turn   | Place    | Note
-------+----------+-------------------------------------------
     0 | D:1      | DildoBatman the Formicid Enchanter began the quest for the Orb.
     0 | D:1      | Reached XP level 1. HP: 13/13 MP: 3/3
    52 | D:1      | Reached skill level 1 in Fighting
   245 | D:1      | Reached XP level 2. HP: 16/22 MP: 3/5
   597 | D:1      | Reached XP level 3. HP: 23/28 MP: 4/6
   729 | D:1      | Learned a level 3 spell: Confuse
  1211 | D:1      | Slain by an adder

Skill      XL: |  1  2  3 |
---------------+----------+-----
Fighting       | 1 2 3 |  3.0
Short Blades   | |  1.0
Armour         | |  0.1
Dodging        | |  1.8
Stealth        | |  3.6
Spellcasting   | |  2.1
Hexes          | |  3.6

Action                   || total
-------------------------++-------
Melee: Dagger            ||   145
       Mace              ||     1
 Cast: Corona            ||    17
 Abil: Dig               ||     1
 Stab: Sleeping          ||     2
  Eat: Chunk             ||     1
Armor: Ring mail         ||    50
Dodge: Dodged            ||    77
